AoeStats
← ScottPuppy

Arabia

509020655Analyzed
1v1 RM · 7d ago on Sep 25, 2026· 35m 39s· 2 players
Game mode
Random Map
Map size
Tiny (2 player)
Population
200
Speed
Normal
Resources
Standard
Victory
Conquest
Starting age
Dark Age
Ending age
Imperial Age
RankedLock teamsTeams togetherTeam positionsShared explorationLock speedFull tech treeHidden civsTurbo modeCheats
Victory
Defeat
🇯🇵 Japanese · Japan
869
+15
🇺🇸 Vietnamese · United States
850
-15
ScottPuppy
6:38 Loom
10:42 Feudal Age
12:53 Wheelbarrow
12:06 Double-Bit Axe
13:39 Fletching
18:52 Padded Archer Armor
18:53 Gold Mining
19:05 Horse Collar
20:39 Stone Mining
en
6:16 Loom
11:30 Feudal Age
13:13 Fletching
13:19 Double-Bit Axe
19:57 Padded Archer Armor
23:14 Scale Barding Armor
23:35 Bloodlines
32:58 Castle Age
Connection lost

Rejoining the realm…

Still unreachable

The connection could not be restored.

Session expired

The server has moved on; the page needs a fresh start.